 Dungeon Crawl Stone Soup version 0.25-a0-1024-gbfbf38f2cb (webtiles) character file.

Game seed: 14281348104868902438, levelgen mode: deterministic

3177 Flugslaktarn the Cleaver (level 9, -9/81 HPs)
             Began as a Minotaur Fighter on May 12, 2020.
             Was a Believer of Cheibriados.
             Mangled by Harold
             ... wielding a +0 trident
              (14 damage)
             ... on level 8 of the Dungeon.
             The game lasted 00:03:31 (6546 turns).

Flugslaktarn the Cleaver (Minotaur Fighter)         Turns: 6546, Time: 00:03:31

Health: -9/81      AC: 15    Str: 27    XL:     9   Next: 63%
Magic:  10/10      EV:  6    Int: 11    God:    Cheibriados [**....]
Gold:   269        SH:  0    Dex: 19    Spells: 8/8 levels left

rFire    + + +     SeeInvis .   a - +1 war axe
rCold    + . .     Gourm    .   c - +0 kite shield
rNeg     . . .     Faith    .   g - +0 plate armour {rF+}
rPois    +         Spirit   .   (helmet restricted)
rElec    +         Reflect  .   (no cloak)
rCorr    +         Harm     .   l - +1 pair of gloves
MR       .....     Rnd*Rage +   (no boots)
Stlth    ..........             i - amulet of regeneration
HPRegen  0.63/turn              f - ring of protection from fire
MPRegen  0.12/turn              (no ring)

@: confused, resistant, marked, very slow
A: retaliatory headbutt, horns 2, berserk 1, screaming 2, MP-powered wands
a: Bend Time, Renounce Religion


You were on level 8 of the Dungeon.
You worshipped Cheibriados.
Cheibriados was pleased with you.
You were not hungry.

You visited 2 branches of the dungeon, and saw 9 of its levels.

You collected 269 gold pieces.

Inventory:

Hand Weapons
 a - a +1 war axe (weapon)
Armour
 c - a +0 kite shield (worn)
 g - a +0 plate armour of fire resistance (worn)
   (You took it off an orc warrior on level 7 of the Dungeon)
 j - +0 swamp dragon scales
   (You took it off Maggie on level 6 of the Dungeon)
 l - a +1 pair of gloves (worn)
   (You found it on level 4 of the Dungeon)
Jewellery
 f - a ring of protection from fire (left hand)
   (You found it on level 3 of the Dungeon)
 i - an amulet of regeneration (around neck)
   (You found it on level 2 of the Dungeon)
Wands
 m - a wand of paralysis (12)
   (You found it on level 7 of the Dungeon)
Scrolls
 b - a scroll of magic mapping
 o - a scroll of enchant weapon
 s - a scroll of holy word {unknown}
 t - a scroll of teleportation
 x - 2 scrolls of remove curse
 z - a scroll of blinking
Potions
 d - a potion of might
 h - a potion of magic {unknown}
 k - a potion of mutation
 n - a potion of resistance
 p - a potion of brilliance {unknown}
 r - a potion of berserk rage {unknown}
Comestibles
 e - 15 rations
 u - 6 chunks of flesh


   Skills:
 + Level 7.8 Fighting
 * Level 10.1 Axes
 + Level 7.9 Armour
 + Level 7.8 Shields
 + Level 3.9 Invocations


You had 8 spell levels left.
You didn't know any spells.
Your spell library was empty.

Dungeon Overview and Level Annotations

Branches:
Dungeon (8/15)             Temple (1/1) D:5
   Lair: D:8-11

Altars:
Cheibriados
Dithmenos
Elyvilon
Gozag
Makhleb
Nemelex Xobeh
Okawaru
Ru
Sif Muna
Trog
Uskayaw
Vehumet
Xom
Yredelemnul
The Shining One

Annotations:
D:6 3 runed translucent doors, emiel's ghost, novice NaFi
D:8 2 transporters, Harold


Innate Abilities, Weirdness & Mutations

You reflexively headbutt those who attack you in melee.
You have a pair of horns on your head.
You tend to lose your temper in combat.
You sometimes yell uncontrollably at your foes.
You expend magic power (3 MP) to strengthen your wands.


Message History

Okay, then.
Unknown command.
It was a potion of resistance.
You feel protected.
n - a potion of resistance
g - a +0 plate armour of fire resistance (worn)
The crocodile is engulfed in noxious fumes.
The crocodile appears confused.
The crocodile bites you.
* * * LOW HITPOINT WARNING * * *
The orc hits you but does no damage. Harold hits you with a +0 trident.
* * * LOW HITPOINT WARNING * * *
The orc hits you but does no damage.
It was a potion of mutation.
You feel extremely strange.
You feel a little pissed off.
You feel the urge to shout.
You feel a strong urge to yell.
You feel your magical essence link to the dungeon's wands.
The crocodile is engulfed in noxious fumes.
The crocodile appears confused.
The crocodile barely misses you. The orc hits you but does no damage.
Harold hits you with a +0 trident!
You die...

#.#© ......#
...#h........#
...#Q...©....#
#########...#DK.....FD#
#.....#.....## ....K8##
#............#########.
#.....(o..# ..©.....
#....@@o..# ........
#####.§t§.# #......
###'#§§.%.. #..#.#.
#####.# ..... #..#.#.
#.....# .... #....))
#.###.....### ###.)..
#.# ####### #.)## #.#
#..# #.# #..#


You could see Harold, an eight-headed hydra, a tengu warrior, a crocodile
(confused), a hound and 2 orcs.

Vanquished Creatures
  Maggie (D:6)
  A wyvern (D:8)
  A spriggan (D:7)
  2 orc warriors
  An ice beast (D:7)
  4 ogres
  2 phantoms
  4 centaurs
  Blork the orc (D:6)
  3 bullfrogs (D:7)
  A water moccasin zombie (D:6)
  2 scorpions (D:4)
  4 wights (D:8)
  A howler monkey (D:7)
  A quasit (D:8)
  2 hounds (D:6)
  A gnoll shaman (D:6)
  An orc priest (D:4)
  A jelly (D:6)
  4 orc wizards
  Jessica (D:3)
  3 bullfrog skeletons
  A centaur skeleton (D:7)
  4 worker ants
  A worker ant zombie (D:6)
  9 adders
  11 gnolls
  2 shadow imps (D:5)
  An ooze (D:3)
  An adder zombie (D:7)
  2 adder skeletons
  3 worms (D:2)
  5 dart slugs
  3 leopard geckos
  20 orcs
  10 bats
  5 giant cockroaches
  14 goblins
  5 hobgoblins
  14 jackals
  6 kobolds
  4 quokkas
  A ball python (D:4)
  4 frilled lizards
  A jackal skeleton (D:8)
  2 leopard gecko skeletons
  A quokka skeleton (D:6)
  2 rats
174 creatures vanquished.

Vanquished Creatures (others)
  An orc wizard (D:8)
  An orc (D:8)
2 creatures vanquished.

Grand Total: 176 creatures vanquished

Notes
Turn   | Place    | Note
-------+----------+-------------------------------------------
     0 | D:1      | Flugslaktarn the Minotaur Fighter began the quest for the
                  | Orb.
     0 | D:1      | Reached XP level 1. HP: 19/19 MP: 0/0
    74 | D:1      | Reached XP level 2. HP: 25/27 MP: 1/1
   110 | D:1      | Reached skill level 3 in Axes
  1031 | D:2      | Reached XP level 3. HP: 32/33 MP: 2/2
  1320 | D:2      | Noticed a centaur
  1331 | D:2      | Killed a centaur
  1331 | D:2      | Reached skill level 4 in Axes
  1331 | D:2      | Reached XP level 4. HP: 29/41 MP: 3/3
  1613 | D:2      | Reached XP level 5. HP: 44/47 MP: 4/4
  1848 | D:3      | Noticed Jessica
  1856 | D:3      | Killed Jessica
  1930 | D:3      | Reached skill level 5 in Axes
  1997 | D:3      | Reached XP level 6. HP: 55/55 MP: 5/5
  2018 | D:3      | Reached skill level 5 in Armour
  2237 | D:4      | Reached skill level 5 in Fighting
  2237 | D:4      | Reached skill level 5 in Shields
  2283 | D:4      | Reached skill level 6 in Axes
  2340 | D:4      | Reached XP level 7. HP: 31/61 MP: 6/6
  2885 | D:5      | Entered Level 5 of the Dungeon
  3017 | D:5      | Found a shimmering altar of Xom.
  3069 | D:5      | Reached skill level 7 in Axes
  3080 | D:5      | Found a staircase to the Ecumenical Temple.
  3092 | Temple   | Entered the Ecumenical Temple
  3403 | Temple   | Became a worshipper of Cheibriados the Contemplative
  3665 | D:5      | Reached XP level 8. HP: 57/70 MP: 7/7
  3724 | D:5      | Reached skill level 1 in Invocations
  4164 | D:6      | Found a runed translucent gate.
  4164 | D:6      | Found a runed translucent gate.
  4164 | D:6      | Found a runed translucent gate.
  4166 | D:6      | Noticed emiel's ghost (novice NaFi)
  4181 | D:6      | Reached * piety under Cheibriados
  4261 | D:6      | Reached skill level 8 in Axes
  4564 | D:6      | Found a glowing golden altar of the Shining One.
  4609 | D:6      | Got a pair of ancient gloves
  4620 | D:6      | Identified the cursed -7 pair of gloves of Ladghexey {Str+3
                  | Dex+4 SInv} (You found it on level 6 of the Dungeon)
  4695 | D:6      | Found a white marble altar of Elyvilon.
  4696 | D:6      | Noticed Maggie
  4710 | D:6      | Killed Maggie
  4951 | D:6      | Noticed Blork the orc
  4959 | D:6      | Killed Blork the orc
  5271 | D:7      | Reached XP level 9. HP: 79/79 MP: 10/10
  5279 | D:7      | Reached skill level 9 in Axes
  5307 | D:7      | Reached ** piety under Cheibriados
  6336 | D:8      | Found a transporter.
  6341 | D:8      | Noticed an eight-headed hydra
  6408 | D:8      | Reached skill level 10 in Axes
  6529 | D:8      | Noticed Harold
  6536 | D:8      | Noticed a tengu warrior
  6537 | D:8      | Found a transporter.
  6546 | D:8      | Gained mutation: You tend to lose your temper in combat.
                  | [potion of mutation]
  6546 | D:8      | Gained mutation: You occasionally shout uncontrollably at
                  | your foes. [potion of mutation]
  6546 | D:8      | Gained mutation: You sometimes yell uncontrollably at your
                  | foes. [potion of mutation]
  6546 | D:8      | Gained mutation: You expend magic power (3 MP) to
                  | strengthen your wands. [potion of mutation]
  6546 | D:8      | Mangled by Harold

Illustrated notes

Levels and vault maps discovered:
D:1:      dpeg_arrival_windows_large_door, layout_basic
D:2:      layout_basic
D:3:      layout_loops_ring, kennysheep_vampire_church, uniq_jessica
D:4:      kennysheep_the_goblin_king, layout_rooms
D:5:      layout_loops_corners, kennysheep_mini, minmay_temple_entry_water_ring,
          first_ration
D:6:      layout_basic, marbit_many_paths, ebering_ghost_rock_garden,
          elyvilon_altar_5, uniq_blork_the_orc, uniq_maggie
D:7:      layout_basic, the_bakery, kennysheep_generic_room_10
D:8:      layout_basic, gammafunk_temple_overflow_arena, erik_lair_dragon,
          nicolae_sextant, uniq_harold, uniq_pikel, uniq_psyche
Temple:   minmay_temple_forest_path

Skill      XL: |  1  2  3  4  5  6  7  8  9 |
---------------+----------------------------+-----
Axes           | 3 4 5 6 7 8 10 | 10.1
Shields        | 4 5 6 7 |  7.8
Armour         | 4 5 6 7 |  7.9
Fighting       | 4 5 6 7 |  7.8
Invocations    | 2 3 |  3.9

Action                   |  1- 3 |  4- 6 |  7- 9 || total
-------------------------+-------+-------+-------++-------
Melee: War axe           |    82 |   105 |   252 ||   439
       Headbutt          |    10 |    17 |    65 ||    92
  Use: Scroll            |       |       |    10 ||    10
       Potion            |       |       |     4 ||     4
  Eat: Chunk             |     1 |     4 |     9 ||    14
       Ration            |       |       |     1 ||     1
Armor: Scale mail        |    35 |    46 |    15 ||    96
       Plate armour      |       |       |   135 ||   135
Dodge: Dodged            |    36 |    33 |    48 ||   117
Block: Kite shield       |    54 |    52 |   148 ||   254

Table legend:
 A = Non-vault XP
 B = Vault XP
 C = Vault XP percentage of total XP
 D = Non-vault monster count
 E = Vault monster count
 F = Vault count percentage of total count
                 A         B        C        D         E       F
            +---------+---------+-------+---------+---------+-------
      Total |    3642 |     897 |  19.8 |     162 |      13 |   7.4
            +---------+---------+-------+---------+---------+-------
        D:1 |      35 |       0 |   0.0 |      18 |       0 |   0.0
        D:2 |     168 |       0 |   0.0 |      20 |       0 |   0.0
        D:3 |     195 |      37 |  15.9 |      37 |       1 |   2.6
        D:4 |     601 |      13 |   2.1 |      22 |       7 |  24.1
        D:5 |     595 |       0 |   0.0 |      16 |       0 |   0.0
        D:6 |     651 |     461 |  41.5 |      20 |       2 |   9.1
        D:7 |     616 |     386 |  38.5 |      12 |       3 |  20.0
        D:8 |     781 |       0 |   0.0 |      17 |       0 |   0.0
            +---------+---------+-------+---------+---------+-------
